Map: Frost LE

Players

oliM

  • Race: Protoss Protoss
  • League: Grandmaster

HellraiseR - Winner!

  • Race: Protoss Protoss
  • League: Grandmaster

VOD

Have the link to the VOD?

Description

Time

  • Played on: Oct. 27, 2016, 2:28 a.m.
  • Length: 8:57
Show
View Real Time Build Order
Export as new Build Order

oliM Protoss 

Build Orders:  

Get SALT Encoding   

  12  0:01  Probe (Chrono Boost)  
  13  0:12  Probe (Chrono Boost)  
  14  0:18  Pylon  
  14  0:22  Probe (Chrono Boost)  
  15  0:36  Probe (Chrono Boost)  
  15  0:37  Gateway  
  16  0:46  Probe (Chrono Boost)  
  16  0:48  Assimilator  
  17  0:52  Assimilator  
  17  0:57  Probe (Chrono Boost)  
  18  1:08  Probe (Chrono Boost)  
  18  1:10  Gateway  
  20  1:18  Probe (Chrono Boost)  
  20  1:25  Cybernetics Core  
  20  1:29  Probe (Chrono Boost)  
  21  1:39  Probe (Chrono Boost)  
  22  1:40  Pylon  
  22  1:50  Probe (Chrono Boost)  
  22  1:51  Warp Gate  
  23  2:01  Adept  
  23  2:02  Adept  
  27  2:13  Mothership Core (Chrono Boost)  
  29  2:26  Pylon  
  29  2:35  Probe (Chrono Boost)  
  30  2:44  Stalker x2  
  34  2:49  Probe (Chrono Boost)  
  32  3:22  Probe (Chrono Boost)  
  32  3:26  Nexus, Unknown  
  33  3:31  Twilight Council  
  33  3:33  Probe (Chrono Boost)  
  34  3:39  Pylon  
  34  3:43  Probe (Chrono Boost)  
  33  3:57  Resonating Glaives  
  33  3:59  Gateway  
  33  4:00  Gateway  
  33  4:05  Sentry x2  
  36  4:17  Probe (Chrono Boost)  
  36  4:27  Robotics Facility  
  36  4:31  Probe (Chrono Boost)  
  37  4:35  Adept  
  37  4:37  Unknown  
  39  4:41  Adept  
  41  4:58  Adept  
  43  5:00  Adept x2  
  45  5:11  Adept  
  32  5:18  Adept  
  28  5:33  Observer  
  28  5:34  Adept  
  31  5:39  Adept  
  34  5:51  Probe (Chrono Boost)  
  32  5:58  Probe (Chrono Boost), Warp Prism  
  34  6:09  Probe (Chrono Boost)  
  35  6:14  Probe (Chrono Boost)  
  36  6:21  Probe (Chrono Boost)  
  36  6:24  Probe (Chrono Boost)  
  39  6:33  Probe (Chrono Boost)  
  39  6:35  Probe (Chrono Boost)  
  40  6:43  Probe (Chrono Boost)  
  40  6:45  Probe (Chrono Boost), Robotics Bay  
  42  6:54  Probe (Chrono Boost)  
  43  6:56  Adept  
  43  6:57  Adept  
  43  7:01  Probe (Chrono Boost)  
  48  7:04  Probe (Chrono Boost)  
  49  7:11  Probe (Chrono Boost)  
  49  7:12  Sentry  
  49  7:15  Probe (Chrono Boost)  
  53  7:22  Probe (Chrono Boost)  
  54  7:24  Stargate  
  54  7:25  Probe (Chrono Boost), Stargate  
  55  7:32  Probe (Chrono Boost)  
  55  7:36  Probe (Chrono Boost)  
  50  7:38  Stalker x2  
  50  7:43  Probe (Chrono Boost)  
  55  7:47  Probe (Chrono Boost)  
  55  7:48  Pylon  
  56  7:53  Probe (Chrono Boost)  
  56  7:57  Probe (Chrono Boost)  
  58  8:04  Probe (Chrono Boost)  
  59  8:07  Phoenix x2  
  59  8:09  Probe (Chrono Boost)  
  59  8:12  Pylon  
  53  8:24  Gateway  
  53  8:25  Assimilator, Gateway  
  53  8:27  Assimilator  
  53  8:32  Adept  
  53  8:33  Adept  
  51  8:54  Adept x2  
Show
View Real Time Build Order
Export as new Build Order

HellraiseR Protoss - Winner!

Build Orders: Mass Adepts 

Get SALT Encoding   

  12  0:01  Probe (Chrono Boost)  
  13  0:12  Probe (Chrono Boost)  
  14  0:18  Pylon  
  14  0:22  Probe (Chrono Boost)  
  15  0:36  Probe (Chrono Boost), Gateway  
  16  0:47  Probe (Chrono Boost)  
  16  0:48  Assimilator  
  17  0:53  Assimilator  
  17  0:57  Probe (Chrono Boost)  
  18  1:09  Gateway  
  18  1:13  Probe (Chrono Boost)  
  19  1:23  Cybernetics Core  
  19  1:24  Probe (Chrono Boost)  
  20  1:37  Probe (Chrono Boost)  
  20  1:38  Pylon  
  21  1:47  Probe (Chrono Boost)  
  22  1:58  Warp Gate  
  22  1:59  Probe (Chrono Boost)  
  22  2:01  Adept x2  
  27  2:12  Mothership Core (Chrono Boost)  
  29  2:23  Pylon  
  29  2:30  Probe (Chrono Boost)  
  29  2:32  Adept  
  31  2:38  Adept  
  31  2:43  Twilight Council  
  33  2:47  Probe (Chrono Boost)  
  34  2:56  Pylon  
  34  3:10  Resonating Glaives  
  34  3:16  Adept x2  
  34  3:34  Gateway  
  34  3:35  Gateway  
  34  3:49  Adept x2  
  38  4:09  Nexus, Unknown  
  38  4:24  Adept x2  
  40  4:29  Adept  
  44  4:33  Adept  
  46  4:39  Probe (Chrono Boost)  
  47  4:50  Robotics Facility  
  47  4:59  Pylon  
  47  5:08  Probe (Chrono Boost)  
  42  5:18  Probe (Chrono Boost)  
  42  5:21  Unknown  
  35  5:29  Probe (Chrono Boost)  
  35  5:33  Probe (Chrono Boost)  
  37  5:38  Robotics Bay  
  37  5:40  Probe (Chrono Boost)  
  37  5:41  Blink  
  38  5:44  Probe (Chrono Boost)  
  39  5:52  Probe (Chrono Boost)  
  37  6:00  Adept x4  
  37  6:02  Warp Prism  
  44  6:14  Probe x2 (Chrono Boost)  
  44  6:18  Gravitic Drive  
  48  6:26  Probe x2 (Chrono Boost)  
  48  6:33  Disruptor  
  48  6:38  Probe x2 (Chrono Boost)  
  53  6:44  Pylon  
  53  6:50  Probe x2 (Chrono Boost)  
  55  6:58  Assimilator  
  55  6:59  Stalker x4  
  64  7:02  Probe (Chrono Boost)  
  64  7:04  Probe (Chrono Boost)  
  64  7:05  Disruptor  
  65  7:14  Assimilator  
  70  7:15  Probe (Chrono Boost)  
  70  7:16  Probe (Chrono Boost)  
  69  7:39  Stalker x4  
  69  7:43  Pylon  
  77  7:46  Observer  
  77  7:51  Gateway  
  78  7:52  Pylon  
  78  7:54  Gateway  
  78  7:58  Pylon  
  78  8:21  Stalker x4  
  84  8:50  Stalker x4  
Tags
 
Add a new tag
Caveats
  • Supply blocks, unpowered buildings, or Contaminate may cause inaccurate times.
  • Supply counts are checked every 10 seconds.